 Dungeon Crawl Stone Soup version 0.21-a0-509-gecc5317 (webtiles) character file.

50 slep the Chopper (level 4, 0/29 HPs)
             Began as a Halfling Gladiator on Dec 1, 2017.
             Slain by an orc wizard
             ... wielding a +0 dagger
              (1 damage)
             ... on level 3 of the Dungeon.
             The game lasted 00:03:39 (1412 turns).

slep the Chopper (Halfling Gladiator)               Turns: 1412, Time: 00:03:39

Health: 0/29       AC:  5    Str: 16    XL:     4   Next: 4%
Magic:  4/4        EV: 16    Int:  6    God:
Gold:   107        SH:  0    Dex: 15    Spells: 3/3 levels left

rFire    . . .     SeeInvis .   a - +0 war axe
rCold    . . .     Gourm    .   (shield restricted)
rNeg     . . .     Faith    .   b - +0 leather armour
rPois    .         Spirit   .   c - +0 helmet
rElec    .         Reflect  .   (no cloak)
rCorr    .         Harm     .   q - +0 pair of gloves
MR       .....                  (no boots)
Stlth    +.........             (no amulet)
HPRegen  0.09/turn              (no ring)
MPRegen  0.09/turn              (no ring)

@: hasted, very quick
A: small, mutation resistance 1
a: no special abilities


You were on level 3 of the Dungeon.
You were not hungry.

You visited 1 branch of the dungeon, and saw 3 of its levels.

You collected 107 gold pieces.

Inventory:

Hand Weapons
 a - a +0 war axe (weapon)
Missiles
 d - 3 throwing nets (quivered)
Armour
 b - a +0 leather armour (worn)
 c - a +0 helmet (worn)
 q - a +0 pair of gloves (worn)
Jewellery
 h - an uncursed ring of stealth {unknown}
Wands
 n - a wand of clouds (1)
Scrolls
 e - a scroll of amnesia {unknown}
 j - a scroll of teleportation {unknown}
 k - a scroll of identify {unknown}
 l - a scroll of remove curse {unknown}
 m - a scroll of random uselessness {unknown}
Potions
 s - a potion of degeneration {unknown}
Comestibles
 f - 3 bread rations
 g - 7 fruits
 p - a royal jelly
 t - 3 chunks of flesh


   Skills:
 + Level 2.2 Fighting
 + Level 3.9 Axes
 + Level 2.0 Throwing
 + Level 0.6 Armour
 + Level 3.6 Dodging
 + Level 0.3 Stealth


You had 3 spell levels left.
You didn't know any spells.

Dungeon Overview and Level Annotations

Branches:
Dungeon (3/15)

Altars:


Innate Abilities, Weirdness & Mutations

You are small and have problems with some larger weapons.
You are somewhat resistant to further mutation.


Message History

You hear some strange, mumbled words.
A puff of flame appears from out of thin air!
The puff of flame hits you!
* * * LOW HITPOINT WARNING * * *
You miss something. Something hits you but does no damage.
The orc closely misses you.
It was a potion of curing.
You feel better. Something hits you but does no damage.
The orc hits you from afar with a trident.
You closely miss something.
You hear some strange, mumbled words.
A magic dart appears from out of thin air!
The magic dart hits you!
* * * LOW HITPOINT WARNING * * *
The orc completely misses you. Something hits you but does no damage.
It was a potion of magic.
Magic courses through your body. The orc closely misses you.
Something hits you but does no damage.
It was a potion of haste.
You feel yourself speed up. The orc closely misses you. Something hits you.
You die...

.§≈≈⌠.⌠≈≈...§
≈≈≈≈≈.≈≈§≈≈≈≈
##.#
###≈≈.≈≈#####
#..# #≈...§#
...##### #≈..§≈#
#.. .....
#≈...≈#
##.#..#...
#≈≈.§≈#
###..#....#
###'###
###....{o.# ##.#
#.%.##@# #..#
#......#
####.####
#..).###
........###...##
#######.......#
######......
#######


You could see an orc.

Vanquished Creatures
  A worm (D:2)
  A dart slug (D:1)
  An orc (D:3)
  A ball python (D:2)
  4 bats
  2 giant cockroaches
  6 goblins
  4 hobgoblins
  4 jackals (D:1)
  3 frilled lizards
  5 kobolds
  11 rats
43 creatures vanquished.

Notes
Turn   | Place    | Note
-------+----------+-------------------------------------------
     0 | D:1      | slep the Halfling Gladiator began the quest for the Orb.
     0 | D:1      | Reached XP level 1. HP: 14/14 MP: 1/1
    91 | D:1      | Reached XP level 2. HP: 19/19 MP: 2/2
   448 | D:1      | Reached XP level 3. HP: 24/24 MP: 3/3
  1396 | D:3      | Reached XP level 4. HP: 26/29 MP: 4/4
  1410 | D:3      | HP: 1/29 [something/magic dart (10)]
  1412 | D:3      | Slain by an orc wizard

Vault maps used:
D:1:      tarquinn_simple_flora_water_a, minmay_rat_gold_closets
D:3:      old_standard_altar, first_bread,
          chequers_ecumenical_altar_simple_redux, kennysheep_minor_cross,
          st_stairs_1, uniq_robin

Skill      XL: |  1  2 |
---------------+-------+-----
Fighting       | 2 |  2.2
Axes           | |  3.9
Throwing       | |  2.0
Armour         | |  0.6
Dodging        | |  3.6
Stealth        | |  0.3

Action                   |  1- 3 |  4- 6 || total
-------------------------+-------+-------++-------
Melee: War axe           |    97 |     6 ||   103
  Use: Potion            |       |     3 ||     3
 Stab: Sleeping          |     1 |       ||     1
  Eat: Chunk             |     1 |     1 ||     2
Armor: Leather armour    |    17 |     3 ||    20
Dodge: Dodged            |    92 |     9 ||   101

Table legend:
 A = Spawn XP
 B = Non-spawn XP
 C = Spawn XP percentage of total XP
 D = Spawn monster count
 E = Non-spawn monster count
 F = Spawn count percentage of total count
 G = Total turns spent on level
                    A         B        C        D         E        F      G
               +---------+---------+-------+---------+---------+-------+---------
         Total |       0 |      72 |   0.0 |       0 |      43 |   0.0 |  1412
               +---------+---------+-------+---------+---------+-------+---------
           D:1 |       0 |      39 |   0.0 |       0 |      25 |   0.0 |   606
           D:2 |       0 |      25 |   0.0 |       0 |      14 |   0.0 |   732
           D:3 |       0 |       8 |   0.0 |       0 |       4 |   0.0 |    74
               +---------+---------+-------+---------+---------+-------+---------
